 Dungeon Crawl Stone Soup version 0.17.1-3-g152610e (webtiles) character file.

72115 ololoev the Cleaver (level 15, -4/160 HPs)
             Began as a Demonspawn Fighter on Feb 18, 2016.
             Was the Champion of Okawaru.
             Slain by a salamander
             ... wielding a +1 glaive
              (10 damage)
             ... on level 3 of the Snake Pit.
             The game lasted 01:29:14 (10656 turns).

ololoev the Cleaver (Demonspawn Fighter)           Turns: 10656, Time: 01:29:15

Health: -4/160     AC: 27    Str: 22    XL:     15   Next: 0%
Magic:  10/22      EV:  2    Int:  9    God:    Okawaru [******]
Gold:   915        SH:  0    Dex: 14    Spells: 3 memorised, 15 levels left

rFire  . . .     SeeInvis .     c - +5 executioner's axe (freeze)
rCold  . . .     Clarity  .     (armour currently unavailable)
rNeg   + + +     SustAt   .     (shield currently unavailable)
rPois  +         Gourm    .     (helmet unavailable)
rElec  .         Spirit   .     (cloak currently unavailable)
rCorr  .         Warding  .     (gloves currently unavailable)
rMut   .         NoTele   +     (boots currently unavailable)
MR     +....                    n - amulet of faith
Stlth  ++++......               o - +3 ring of evasion
                                C - +3 ring of evasion

@: tree-form, heroism, very slightly contaminated, hasted, very quick, somewhat
resistant to hostile enchantments, stealthy
A: (horns 0), (slimy green scales 0), powered by death 2, (spiny 0)
a: Heroism, Finesse, Renounce Religion


Innate Abilities, Weirdness & Mutations

((You have a pair of large horns on your head.))
((You are completely covered in slimy green scales (AC +4, rPois).))
You regenerate health from kills.
((You are mostly covered in sharp spines.))

Inventory:

Hand Weapons
 c - a +5 executioner's axe of freezing (weapon)
Missiles
 F - 12 curare-tipped needles
 K - 6 javelins of returning (quivered)
Armour
 h - a +2 pair of gloves of archery (melded)
 r - the +1 pair of boots "Wauki" (melded) {*Drain +Fly Regen+}
   (Okawaru gifted it to you on level 1 of the Orcish Mines)

   It lets you fly.
   It increases your rate of regeneration.
   It causes draining when unequipped.
 w - a +1 chain mail of cold resistance (melded)
 D - a +0 cloak (melded)
Rods
 b - a +4 lightning rod (11/11)
   (You found it in a labyrinth)
 k - a +6 rod of ignition (10/10)
   (You found it in a labyrinth)
Jewellery
 n - an amulet of faith (around neck)
 o - a +3 ring of evasion (right branch)
 p - an uncursed ring of see invisible
 t - an uncursed ring of sustain attributes
 C - a +3 ring of evasion (left branch)
Wands
 y - a wand of invisibility (0)
 T - a wand of fire (9)
 V - a wand of draining (10)
Scrolls
 d - 2 scrolls of immolation
 m - 7 scrolls of remove curse
 q - 5 scrolls of fog
 s - a scroll of magic mapping
 u - 2 scrolls of blinking
 v - 3 scrolls of teleportation
 x - 6 scrolls of fear
 R - 4 scrolls of silence
 Z - a scroll of recharging
Potions
 A - 2 potions of might
 G - 2 potions of agility
 N - a potion of brilliance
 O - 3 potions of resistance
 P - 2 potions of ambrosia
 Q - 2 potions of magic
 S - a potion of haste
Miscellaneous
 W - a phial of floods
Comestibles
 e - 9 bread rations
 g - a meat ration
 i - 3 beef jerkies
 l - 3 slices of pizza


   Skills:
 + Level 6.6(11.6) Fighting
 * Level 14.6(19.6) Axes
 + Level 9.8(14.8) Throwing
 + Level 10.9(15.9) Armour
 + Level 5.0(10.0) Dodging
   Level 3.0(8.0) Shields
 + Level 4.3 Spellcasting
 + Level 4.0 Charms
 + Level 5.0 Necromancy
 - Level 10.2 Invocations
 + Level 5.3 Evocations


You had 15 spell levels left.
You knew the following spells:

 Your Spells              Type           Power        Failure   Level  Hunger
a - Regeneration          Chrm/Necr      ##........   14%         3    ###....
b - Blink                 Tloc           N/A          38%         2    ###....
c - Repel Missiles        Chrm/Air       #.....       17%         2    ###....


You were on level 3 of the Snake Pit.
You worshipped Okawaru.
Okawaru was exalted by your worship.
You were not hungry.
You were a tree.
You visited 5 branches of the dungeon, and saw 27 of its levels.
You also visited: Labyrinth and Ice Cave.

You collected 1821 gold pieces.
You spent 906 gold pieces at shops.

..... ..#
##.#.###..##
#.....#....##
##.#.#......##
#..<.........#
#.##.#(#.......#
#....N.NNN.....#
####.#N#NN.....#
#...)(♣S.....#
##.#.#.......#
###.........#
.........##
##.#.....##
#.##...## ###
.... .....

Notes
Turn   | Place    | Note
--------------------------------------------------------------
     0 | D:1      | ololoev the Demonspawn Fighter began the quest for the Orb.
     0 | D:1      | Reached XP level 1. HP: 18/18 MP: 1/1
   158 | D:3      | Gained mutation: You regenerate a little health from kills. [demonic ancestry]
   158 | D:3      | Reached XP level 2. HP: 16/24 MP: 2/2
   307 | D:4      | Found Deynn's Assorted Antiques.
   316 | D:4      | Bought a scroll labeled ARAENY MONOS for 28 gold pieces
   316 | D:4      | Bought a scroll labeled UWKEABBEOGH for 28 gold pieces
   320 | D:4      | Reached XP level 3. HP: 22/29 MP: 3/3
   348 | D:4      | Noticed an ogre
   356 | D:4      | Gained mutation: You are partially covered in slimy green scales (AC +2). [demonic ancestry]
   356 | D:4      | Reached XP level 4. HP: 10/35 MP: 4/4
   369 | D:4      | Noticed an ogre
   492 | D:3      | Noticed an orc wizard
   493 | D:3      | Noticed an orc priest
   497 | D:3      | Killed an orc priest
   511 | D:3      | Killed an orc wizard
   711 | D:4      | Noticed a phantom
   804 | D:2      | Gained mutation: You have a pair of small horns on your head. [demonic ancestry]
   804 | D:2      | Reached XP level 5. HP: 39/41 MP: 5/5
  1220 | D:4      | Reached skill level 4 in Axes
  1225 | D:5      | Entered Level 5 of the Dungeon
  1238 | D:5      | Found a glowing golden altar of the Shining One.
  1250 | D:5      | Reached skill level 1 in Throwing
  1278 | D:5      | Noticed a centaur
  1294 | D:5      | Killed a centaur
  1294 | D:5      | Gained mutation: You are mostly covered in slimy green scales (AC +3). [demonic ancestry]
  1294 | D:5      | Reached XP level 6. HP: 25/47 MP: 6/6
  1731 | D:4      | Killed an ogre
  1731 | D:4      | Reached skill level 5 in Axes
  1814 | D:4      | Killed an ogre
  1814 | D:4      | Gained mutation: You have a pair of horns on your head. [demonic ancestry]
  1814 | D:4      | Reached XP level 7. HP: 52/52 MP: 7/7
  1851 | D:4      | Killed a phantom
  1986 | D:5      | Found a stormy altar of Qazlal.
  1988 | D:5      | Found a snail-covered altar of Cheibriados.
  2001 | D:5      | Found a sparkling altar of Nemelex Xobeh.
  2142 | D:6      | Reached skill level 6 in Axes
  2230 | D:6      | Noticed Eustachio
  2360 | D:6      | Noticed Menkaure
  2368 | D:6      | Killed Menkaure
  2368 | D:6      | Reached skill level 5 in Armour
  2368 | D:6      | Gained mutation: You are completely covered in slimy green scales (AC +4, rPois). [demonic ancestry]
  2368 | D:6      | Reached XP level 8. HP: 39/58 MP: 8/8
  2703 | D:6      | Killed Eustachio
  2763 | D:6      | Reached skill level 7 in Axes
  2812 | D:6      | Noticed Edmund
  2827 | D:6      | Killed Edmund
  2922 | D:7      | Found a basalt altar of Yredelemnul.
  2923 | D:7      | Noticed Prince Ribbit
  3275 | D:7      | Reached skill level 8 in Axes
  3275 | D:7      | Reached XP level 9. HP: 63/63 MP: 9/9
  3303 | D:7      | Found an iron altar of Okawaru.
  3303 | D:7      | Found a white marble altar of Elyvilon.
  3308 | D:7      | Became a worshipper of Warmaster Okawaru
  3502 | D:8      | Learned a level 3 spell: Regeneration
  3592 | D:8      | Noticed Joseph
  3607 | D:8      | Killed Joseph
  3607 | D:8      | Reached * piety under Okawaru
  3607 | D:8      | Reached skill level 9 in Axes
  3607 | D:8      | Reached skill level 1 in Invocations
  3617 | D:8      | You fall through a shaft for 3 floors!
  3618 | D:11     | Noticed a centaur zombie
  3626 | D:11     | Killed a centaur zombie
  3626 | D:11     | Reached ** piety under Okawaru
  3639 | D:10     | Entered Level 10 of the Dungeon
  3680 | D:10     | Noticed a hill giant
  3691 | D:10     | Killed a hill giant
  3691 | D:10     | Reached skill level 5 in Throwing
  3695 | D:10     | Reached *** piety under Okawaru
  3700 | D:10     | Reached XP level 10. HP: 70/70 MP: 10/12
  3817 | D:9      | Found a staircase to the Lair.
  3866 | D:10     | Noticed a hill giant
  3875 | D:10     | Killed a hill giant
  3905 | D:9      | Received a gift from Okawaru
  4056 | D:9      | Noticed a centaur skeleton
  4066 | D:9      | Killed a centaur skeleton
  4066 | D:9      | Reached skill level 10 in Axes
  4323 | D:9      | Reached skill level 5 in Invocations
  4328 | D:9      | Received a gift from Okawaru
  4334 | D:9      | Reached **** piety under Okawaru
  4706 | D:10     | Received a gift from Okawaru
  4730 | D:10     | Found Yczunas's Jewellery Shoppe.
  4736 | D:10     | Noticed a centaur skeleton
  4745 | D:10     | Killed a centaur skeleton
  4745 | D:10     | Reached ***** piety under Okawaru
  4745 | D:10     | Gained mutation: You are partially covered in sharp spines. [demonic ancestry]
  4745 | D:10     | Reached XP level 11. HP: 75/75 MP: 14/16
  4852 | D:10     | Received a gift from Okawaru
  4931 | D:10     | Found a staircase to the Orcish Mines.
  4936 | Orc:1    | Entered Level 1 of the Orcish Mines
  5275 | Orc:2    | Reached skill level 11 in Axes
  5283 | Orc:2    | Received a gift from Okawaru
  5355 | Orc:1    | Found a radiant altar of Vehumet.
  5471 | Orc:1    | Learned a level 2 spell: Blink
  5474 | Orc:1    | Learned a level 2 spell: Repel Missiles
  5524 | Orc:1    | Received a gift from Okawaru
  5525 | Orc:1    | Got a pair of twisted boots {god gift}
  5591 | Orc:1    | Identified the +1 pair of boots "Wauki" {*Drain +Fly Regen+} (Okawaru gifted it to you on level 1 of the Orcish Mines)
  5772 | Orc:3    | Found a roughly hewn altar of Beogh.
  5775 | Orc:3    | Noticed Maurice
  5801 | Orc:3    | Killed Maurice
  5979 | Orc:4    | Entered Level 4 of the Orcish Mines
  6060 | Orc:4    | Noticed an ogre mage
  6066 | Orc:4    | Reached skill level 12 in Axes
  6070 | Orc:4    | Killed an ogre mage
  6072 | Orc:4    | Gained mutation: You are mostly covered in sharp spines. [demonic ancestry]
  6072 | Orc:4    | Reached XP level 12. HP: 81/81 MP: 18/18
  6072 | Orc:4    | Received a gift from Okawaru
  6073 | Orc:4    | Noticed an ogre mage
  6073 | Orc:4    | Noticed an ogre mage
  6078 | Orc:4    | Noticed an ogre mage
  6088 | Orc:4    | Killed an ogre mage
  6093 | Orc:4    | Killed an ogre mage
  6093 | Orc:4    | Received a gift from Okawaru
  6095 | Orc:4    | Killed an ogre mage
  6097 | Orc:4    | Reached ****** piety under Okawaru
  6101 | Orc:4    | Found Gonus's Weapon Shoppe.
  6101 | Orc:4    | Found Ygyunwih's Magic Scroll Boutique.
  6101 | Orc:4    | Found Cobbuno's Magic Scroll Shop.
  6101 | Orc:4    | Found Toasuvis's Distillery.
  6108 | Orc:4    | Received a gift from Okawaru
  6140 | Orc:4    | Bought a scroll of enchant weapon for 82 gold pieces
  6140 | Orc:4    | Bought a scroll of identify for 22 gold pieces
  6140 | Orc:4    | Bought a scroll of identify for 22 gold pieces
  6141 | Orc:4    | Bought a potion of brilliance for 56 gold pieces
  6141 | Orc:4    | Bought a potion of heal wounds for 70 gold pieces
  6141 | Orc:4    | Bought a potion of resistance for 140 gold pieces
  6141 | Orc:4    | Bought a potion of curing for 42 gold pieces
  6141 | Orc:4    | Bought a potion of ambrosia for 112 gold pieces
  6141 | Orc:4    | Bought a potion of magic for 112 gold pieces
  6142 | Orc:4    | Bought a scroll of identify for 22 gold pieces
  6142 | Orc:4    | Bought a scroll of identify for 22 gold pieces
  6142 | Orc:4    | Bought a scroll of identify for 22 gold pieces
  6142 | Orc:4    | Bought a scroll of identify for 22 gold pieces
  6142 | Orc:4    | Bought a scroll of identify for 22 gold pieces
  6142 | Orc:4    | Bought a scroll of silence for 82 gold pieces
  6255 | Orc:4    | Found a staircase to the Elven Halls.
  6297 | Orc:3    | Noticed Erolcha
  6297 | Orc:3    | Noticed Josephine
  6297 | Orc:3    | Noticed Snorg
  6346 | Orc:4    | Received a gift from Okawaru
  6618 | Lair:1   | Entered Level 1 of the Lair of Beasts
  6649 | Lair:1   | Got a twitching jade ring
  6650 | Lair:1   | Identified the ring "Peqec" {Int+4 Stlth-} (You found it on level 1 of the Lair of Beasts)
  6662 | Lair:1   | Reached skill level 10 in Invocations
  6790 | Lair:1   | Reached skill level 13 in Axes
  6921 | Lair:1   | Noticed a five-headed hydra
  6928 | Lair:1   | Killed a five-headed hydra
  7016 | Lair:3   | Reached skill level 1 in Dodging
  7038 | Lair:3   | Found a labyrinth entrance.
  7042 | Lab      | Entered a labyrinth
  7759 | Lab      | Noticed a minotaur
  7768 | Lab      | Killed a minotaur
  7783 | Lab      | Got a faintly glowing platinum ring
  7787 | Lab      | Identified a +6 rod of ignition (10/10) (You found it in a labyrinth)
  7870 | Lair:3   | Noticed a seven-headed hydra
  7885 | Lair:3   | Killed a ten-headed hydra
  7885 | Lair:3   | Reached skill level 10 in Armour
  7986 | Lair:4   | Reached skill level 1 in Evocations
  7987 | Lair:4   | Reached XP level 13. HP: 75/88 MP: 20/20
  7989 | Lair:4   | Received a gift from Okawaru
  8244 | Lair:4   | Identified the ring "Lushewnu" {Fire MP+9} (You found it in a labyrinth)
  8824 | Lair:5   | Found a staircase to the Snake Pit.
  8892 | Lair:6   | Reached skill level 1 in Charms
  8917 | Lair:6   | Found a staircase to the Slime Pits.
  8918 | Lair:6   | Found a viscous altar of Jiyva.
  8943 | Lair:6   | Found a staircase to the Shoals.
  8947 | Lair:6   | Reached skill level 1 in Necromancy
  9009 | Shoals:1 | Entered Level 1 of the Shoals
  9037 | Lair:7   | Identified a scroll of acquirement
  9065 | Lair:7   | Reached skill level 1 in Spellcasting
  9078 | Lair:7   | Reached skill level 5 in Fighting
  9252 | Lair:8   | Entered Level 8 of the Lair of Beasts
  9265 | Lair:8   | Received a gift from Okawaru
  9348 | Lair:8   | Found a frozen archway.
  9387 | Lair:8   | Gained mutation: You have a pair of large horns on your head. [demonic ancestry]
  9387 | Lair:8   | Reached XP level 14. HP: 79/98 MP: 21/21
  9411 | IceCv    | Entered an ice cave
  9435 | IceCv    | Reached skill level 14 in Axes
  9540 | IceCv    | Received a gift from Okawaru
  9839 | Lair:8   | Received a gift from Okawaru
  9913 | Lair:8   | Received a gift from Okawaru
 10038 | Lair:8   | Found a stormy altar of Qazlal.
 10302 | Lair:7   | Received a gift from Okawaru
 10373 | Snake:1  | Entered Level 1 of the Snake Pit
 10409 | Snake:1  | Reached skill level 5 in Evocations
 10434 | Snake:1  | Reached skill level 5 in Necromancy
 10584 | Snake:2  | Received a gift from Okawaru
 10584 | Snake:2  | Reached skill level 5 in Dodging
 10648 | Snake:3  | Gained mutation: You regenerate health from kills. [demonic ancestry]
 10648 | Snake:3  | Reached XP level 15. HP: 30/107 MP: 9/22
 10655 | Snake:3  | HP: 6/160 [black mamba (8)]
 10656 | Snake:3  | Slain by a salamander

Dungeon Overview and Level Annotations

Branches:
Dungeon (11/15)              Lair (8/8) D:9          Shoals (1/4) Lair:6
  Snake (3/4) Lair:5        Slime (0/6) Lair:6          Orc (4/4) D:10
    Elf (0/3) Orc:4
 Temple: D:4-7

Altars:
Cheibriados
Elyvilon
Nemelex Xobeh
Okawaru
Qazlal
Vehumet
Yredelemnul
The Shining One
Beogh
Jiyva

Shops:
D:4 *   D:10 =   Orc:4 ?(!?

Annotations:
D:7 Prince Ribbit
Lair:8 exclusion: oklob plant
Orc:3 Erolcha, Josephine, Snorg


Message History

The black mamba bites you but does no damage.
The naga warrior is struck by your spines.
The naga warrior barely misses you.
The black mamba is struck by your spines.
The black mamba closely misses you.
Drink which item? (? for menu, Esc to quit)
You turn into a tree.
Your +0 cloak melds into your body.
Your +2 pair of gloves of archery melds into your body.
The +1 pair of boots "Wauki" {*Drain +Fly Regen+} melds into your body.
Your +1 chain mail of cold resistance melds into your body.
Your aim is not that steady anymore.
You feel less resistant to cold.
Your roots penetrate the ground.
The naga sharpshooter shoots a poisoned arrow.
The poisoned arrow hits you.
You are poisoned.
The salamander hits you but does no damage.
The black mamba bites you.
Unknown command.
You slash the naga sharpshooter! You freeze the naga sharpshooter.
The naga sharpshooter is almost dead.
You slash the naga warrior! You freeze the naga warrior!
The naga warrior is heavily wounded.
You slash the black mamba! You freeze the black mamba.
The black mamba seems to slow down.
The black mamba is severely wounded.
You feel sick. The naga warrior spits poison at you.
The splash of poison hits you!
You are more poisoned.
You resist. The naga completely misses you.
The naga sharpshooter shoots a poisoned arrow.
The poisoned arrow hits you but does no damage.
The black mamba bites you!
Unknown command.
Drink which item? (? for menu, Esc to quit)
You feel better.
The black mamba is no longer moving slowly.
The salamander hits you from afar with an enchanted glaive!
You are engulfed in flames!
You die...

You could see a naga warrior, 2 naga sharpshooters, a salamander, a black mamba and 3 nagas.

Vanquished Creatures
  A minotaur (Lab)
  An ice dragon (Lair:8)
  4 naga warriors
  4 hydras
  10 death yaks
  2 anacondas
  4 ogre magi (Orc:4)
  A shock serpent (Snake:1)
  A naga sharpshooter (Snake:1)
  A fire crab (Lair:7)
  2 ice devils (IceCv)
  2 hill giants (D:10)
  A naga ritualist (Snake:1)
  A necromancer (IceCv)
  2 mana vipers (Snake:1)
  An orc sorcerer (Orc:1)
  2 orc knights
  5 elephants (Lair:8)
  A centaur zombie (D:11)
  Maurice (Orc:3)
  2 griffons (Lair:7)
  15 black mambas
  Joseph (D:8)
  5 ice statues (IceCv)
  9 spiny frogs
  2 centaur skeletons
  4 naga magi
  7 komodo dragons
  2 spriggan druids (Lair:8)
  A fire drake (Lair:5)
  2 trolls
  6 blue devils (IceCv)
  14 two-headed ogres
  10 polar bears (Lair:8)
  5 blink frogs (Lair:6)
  11 spriggans (Lair:8)
  3 redbacks (Lair:8)
  A wyvern (Orc:1)
  3 deep elf magi
  24 yaks
  A wraith (Orc:4)
  Eustachio (D:6)
  2 wargs (Orc:1)
  Menkaure (D:6)
  7 hippogriffs
  Edmund (D:6)
  A hungry ghost (D:7)
  7 nagas
  24 wolves
  6 water moccasins
  16 orc warriors
  A swamp drake (Orc:1)
  2 wasps (Lair:8)
  29 ogres
  5 porcupines
  An ice beast (D:7)
  2 phantoms
  20 crocodiles
  8 black bears
  A big kobold (D:8)
  8 centaurs
  16 giant frogs
  2 scorpions
  5 killer bees (D:10)
  5 crimson imps
  A giant frog zombie (D:11)
  22 orc priests
  2 iron imps
  A giant frog skeleton (D:4)
  7 hounds
  A jelly (D:7)
  32 orc wizards
  18 sheep
  9 worker ants
  4 iguanas
  A killer bee zombie (D:9)
  2 worker ant zombies
  7 gnolls
  10 adders
  29 river rats
  2 shadow imps
  A white imp (Orc:1)
  2 oozes
  An adder skeleton (D:5)
  154 orcs
  2 bats
  5 giant cockroaches
  3 hobgoblins
  4 jackals (D:3)
  5 quokkas
  6 giant geckos
  A giant gecko skeleton (D:6)
  3 giant newts
  2 goblin zombies (D:5)
  10 kobolds
  A kobold zombie (D:5)
  3 orc skeletons (D:5)
  An orc zombie (D:5)
  A quokka skeleton (D:6)
  A quokka zombie (D:4)
  2 rats
702 creatures vanquished.

Vanquished Creatures (others)
  3 fungi
  A plant (Snake:1)
4 creatures vanquished.

Grand Total: 706 creatures vanquished

Action                   |  1- 3 |  4- 6 |  7- 9 | 10-12 | 13-15 || total
-------------------------+-------+-------+-------+-------+-------++-------
Melee: War axe           |    53 |   171 |   284 |       |       ||   508
       Broad axe         |       |       |     9 |   417 |       ||   426
       Battleaxe         |       |       |       |   227 |   606 ||   833
       Executioner's axe |       |       |       |       |    12 ||    12
Throw: Throwing net      |       |     2 |       |       |       ||     2
       Javelin           |       |       |       |     8 |     6 ||    14
 Cast: Regeneration      |       |       |       |       |     5 ||     5
Invok: Heroism           |       |       |     1 |    12 |    10 ||    23
       Finesse           |       |       |       |     1 |     3 ||     4
 Abil: Evoke Flight      |       |       |       |       |     1 ||     1
Evoke: Wand              |       |       |     6 |     6 |     5 ||    17
       Rod               |       |       |       |     3 |       ||     3
  Use: Potion            |     1 |     4 |     7 |       |    11 ||    23
       Scroll            |       |       |     5 |    13 |    19 ||    37
 Stab: Invisible         |       |     2 |     7 |    15 |       ||    24
       Held in net/web   |       |     1 |       |       |       ||     1
  Eat: Chunk             |       |     2 |     5 |    13 |     8 ||    28
       Meat ration       |       |     1 |       |     1 |     1 ||     3

Vault maps used:
D:1:      kilobyte_arrival_exit_the_forest, st_stairs_6, minmay_hedge_maze
D:2:      tgw_kikubaaqudgha
D:3:      uniq_crazy_yiuf_cottage
D:4:      serial_shops, nicolae_shop_overgrown_old_shop
D:5:      nicolae_tso_besieged_by_evil, grunt_temple_overflow_open, first_bread
D:6:      uniq_eustachio, uniq_edmund, uniq_menkaure
D:7:      gammafunk_temple_overflow_statue, yredelemnul_altar_generic,
          minmay_temple_entry_purple_smoke, uniq_prince_ribbit1
D:8:      uniq_joseph
D:9:      lair_0_dummy
D:10:     orc_0_dummy, enter_trove_0, serial_shops, shop,
          kennysheep_generic_room_14
D:11:     grunt_pizzeria
Lair:1:   beast_lair_carwin_11
Lair:3:   lab_entry_generic, grunt_megastairs_2, serial_bayou_shore_b
Lair:5:   minmay_snake_entry_spellcaster, st_stairs_7
Lair:6:   minmay_shoals_entry_centaurs, slime_altar_1, lemuel_fruit_fields
Lair:7:   serial_bayou_pond_b
Lair:8:   minmay_lair_end_enchanted_forest,
          portal_ice_cave_entry_animals_and_master, lemuel_oklob_altar
Snake:1:  st_stairs_3, serial_bayou_shore_a
Snake:2:  serial_shops, nicolae_shop_trees, serial_bayou_shore_b
Snake:3:  st_stairs_13, grunt_megastairs_3
Orc:1:    minmay_goldmine, basic_altar, hangedman_minor_magic
Orc:2:    amalloy_card_club, uniq_maud
Orc:3:    nicolae_orc_pool_cavern, mines2_david, uniq_erolcha, uniq_maurice,
          uniq_josephine, uniq_snorg
Orc:4:    st_orc_ogre_mass
Lab:      labyrinth_spiral
IceCv:    ice_cave_tombish
